TOP OF THE 1ST |
Nantucket Orcas batting - Pitching for Nashua Redlegs : RHP Bill Murphy
|
Pitching: RHP Bill Murphy
|
|
Batting: RHB Charlie Pérez
|
0-0: Ball 1-0: SINGLE (Groundball, 4M) (infield hit)
|
Batting: RHB Demetrio Inrouville
|
0-0: Ball 1-0: Swinging Strike 1-1: Foul Ball, location: 2F 1-2: Ground out 5-3 (Groundball, 56S) Charlie Pérez to second
|
Batting: SHB Cristián Salazar
|
0-0: Ball Charlie Pérez steals 3rd base 1-0: Foul Ball, location: 2F 1-1: SINGLE (Groundball, 6M) (infield hit) Charlie Pérez scores
|
Batting: RHB Matt Dundee
|
0-0: Called Strike Cristián Salazar steals 2nd base 0-1: Ball Wild Pitch! Cristián Salazar to third 1-1: Called Strike 1-2: SINGLE (Groundball, 34D) Cristián Salazar scores
|
Batting: RHB Luis Cruz
|
0-0: Grounds into double play, 6-4-3 (Groundball, 6)
|
Top of the 1st over - 2 runs, 3 hits, 0 errors, 0 left on base; Nantucket 2 - Nashua 0 |
BOTTOM OF THE 1ST |
Nashua Redlegs batting - Pitching for Nantucket Orcas : RHP Terry Leroux
|
Pitching: RHP Terry Leroux
|
|
Batting: RHB José Luján
|
0-0: Swinging Strike 0-1: Swinging Strike 0-2: Ground out 6-3 (Groundball, 6M)
|
Batting: RHB Ánibal Barrios
|
0-0: Ball 1-0: Called Strike 1-1: Called Strike 1-2: Ball 2-2: Foul Ball, location: 2F 2-2: Foul Ball, location: 2F 2-2: Foul Ball, location: 2F 2-2: SINGLE (Groundball, 56D)
|
Batting: RHB Joe Noble
|
0-0: Ball Ánibal Barrios is caught stealing 2nd base 1-0: Ball 2-0: Called Strike 2-1: Ball 3-1: Fly out, F8 (Flyball, 8LD)
|
Bottom of the 1st over - 0 runs, 1 hit, 0 errors, 0 left on base; Nantucket 2 - Nashua 0 |
TOP OF THE 2ND |
Nantucket Orcas batting - Pitching for Nashua Redlegs : RHP Bill Murphy
|
Batting: RHB Armando Hernández
|
0-0: Swinging Strike 0-1: Ball 1-1: Ball 2-1: Called Strike 2-2: Strikes out swinging
|
Batting: RHB Hunter Hudson
|
0-0: Ball 1-0: Ball 2-0: SOLO HOME RUN (Flyball, 7D), Distance : 360 ft
|
Batting: RHB Arturo Sousa
|
0-0: Ball 1-0: Swinging Strike 1-1: Ball 2-1: Ball 3-1: Called Strike 3-2: Base on Balls
|
Batting: RHB Juan Gómez
|
0-0: Foul Ball, location: 2F 0-1: Foul Ball, location: 2F 0-2: Strikes out swinging
|
Batting: RHB Charlie Pérez
|
0-0: Ball 1-0: Called Strike 1-1: Ground out 1-3 (Groundball, 13S)
|
Top of the 2nd over - 1 run, 1 hit, 0 errors, 1 left on base; Nantucket 3 - Nashua 0 |
BOTTOM OF THE 2ND |
Nashua Redlegs batting - Pitching for Nantucket Orcas : RHP Terry Leroux
|
Batting: RHB Eleuterio Supardo
|
0-0: SINGLE (Line Drive, 7S)
|
Batting: RHB Bob Fitzgerald
|
0-0: Hit by Pitch Eleuterio Supardo to second
|
Batting: RHB Currito Campos
|
0-0: Called Strike 0-1: Ball 1-1: Ground out 5-3 (Groundball, 56S) Eleuterio Supardo to third Bob Fitzgerald to second
|
Batting: RHB Carlos Villagrama
|
0-0: Foul Ball, location: 2F 0-1: Swinging Strike 0-2: Fly out, F7 (Flyball, 78D) Runner from 3rd tags up, SCORES, throw made
|
Now in LF: Armondo Goro
|
|
Batting: RHB John Newman
|
0-0: Ball 1-0: Ball Wild Pitch! Bob Fitzgerald to third 2-0: Swinging Strike 2-1: Ball 3-1: Ground out 6-3 (Groundball, 6)
|
Bottom of the 2nd over - 1 run, 1 hit, 0 errors, 1 left on base; Nantucket 3 - Nashua 1 |
TOP OF THE 3RD |
Nantucket Orcas batting - Pitching for Nashua Redlegs : RHP Bill Murphy
|
Batting: RHB Demetrio Inrouville
|
0-0: SINGLE (Line Drive, 9S)
|
Batting: SHB Cristián Salazar
|
0-0: Ball 1-0: Foul Ball, location: 2F 1-1: Foul Ball, location: 2F 1-2: Ball 2-2: Ground out U3 (Groundball, 3S) Demetrio Inrouville to second
|
Batting: RHB Matt Dundee
|
0-0: Ball 1-0: Fly out, F9 (Flyball, 9)
|
Batting: RHB Luis Cruz
|
0-0: Ball 1-0: Fly out, F9 (Flyball, 9LM)
|
Top of the 3rd over - 0 runs, 1 hit, 0 errors, 1 left on base; Nantucket 3 - Nashua 1 |
BOTTOM OF THE 3RD |
Nashua Redlegs batting - Pitching for Nantucket Orcas : RHP Terry Leroux
|
Batting: RHB Ben Byrd
|
0-0: Ball 1-0: Called Strike 1-1: Fly out, F9 (Flyball, 9LM)
|
Batting: RHB José Luján
|
0-0: Ball 1-0: Ball 2-0: Foul Ball, location: 2F 2-1: Foul Ball, location: 2F 2-2: Foul Ball, location: 2F 2-2: SINGLE (Line Drive, 56D)
|
Batting: RHB Ánibal Barrios
|
0-0: Ball 1-0: Foul Ball, location: 2F 1-1: Ball 2-1: DOUBLE (Line Drive, 8RD) José Luján to third Runner from 3rd tries for Home, SAFE, no throw
|
Batting: RHB Joe Noble
|
0-0: Ball 1-0: Swinging Strike 1-1: Swinging Strike 1-2: Foul Ball, location: 2F 1-2: Ball 2-2: Foul Ball, location: 2F 2-2: Ball 3-2: Ground out 4-3 (Groundball, 4S) Ánibal Barrios to third
|
Batting: RHB Eleuterio Supardo
|
0-0: Ball 1-0: Foul Ball, location: 2F 1-1: Ball 2-1: Foul Ball, location: 2F 2-2: Fly out, F7 (Flyball, 7)
|
Bottom of the 3rd over - 1 run, 2 hits, 0 errors, 1 left on base; Nantucket 3 - Nashua 2 |
TOP OF THE 4TH |
Nantucket Orcas batting - Pitching for Nashua Redlegs : RHP Bill Murphy
|
Batting: RHB Armando Hernández
|
0-0: Called Strike 0-1: Ground out 6-3 (Groundball, 6S)
|
Batting: RHB Hunter Hudson
|
0-0: Ball 1-0: Ball 2-0: Ball 3-0: Base on Balls
|
Batting: SHB Armondo Goro
|
0-0: Ball Hunter Hudson steals 2nd base 1-0: Ball Wild Pitch! Hunter Hudson to third 2-0: Ball 3-0: Base on Balls
|
Batting: RHB Juan Gómez
|
0-0: Ball 1-0: Grounds into double play, 6-4-3 (Groundball, 6D)
|
Top of the 4th over - 0 runs, 0 hits, 0 errors, 1 left on base; Nantucket 3 - Nashua 2 |
BOTTOM OF THE 4TH |
Nashua Redlegs batting - Pitching for Nantucket Orcas : RHP Terry Leroux
|
Batting: RHB Bob Fitzgerald
|
0-0: Ball 1-0: Ball 2-0: Foul Ball, location: 2F 2-1: Ground out 6-3 (Groundball, 6)
|
Batting: RHB Currito Campos
|
0-0: Ground out 6-3 (Groundball, 6)
|
Batting: RHB Carlos Villagrama
|
0-0: Ball 1-0: Called Strike 1-1: Ball 2-1: Ground out U3 (Groundball, 34)
|
Bottom of the 4th over - 0 runs, 0 hits, 0 errors, 0 left on base; Nantucket 3 - Nashua 2 |
TOP OF THE 5TH |
Nantucket Orcas batting - Pitching for Nashua Redlegs : RHP Bill Murphy
|
Batting: RHB Charlie Pérez
|
0-0: Ball 1-0: Foul Ball, location: 2F 1-1: Ground out 6-3 (Groundball, 6)
|
Batting: RHB Demetrio Inrouville
|
0-0: Ball 1-0: Swinging Strike 1-1: Called Strike 1-2: Foul Ball, location: 2F 1-2: Foul Ball, location: 2F 1-2: Foul Ball, location: 2F 1-2: Ball 2-2: Strikes out swinging, 2-3 out at first.
|
Batting: SHB Cristián Salazar
|
0-0: Ball 1-0: Ground out 4-3 (Groundball, 4)
|
Top of the 5th over - 0 runs, 0 hits, 0 errors, 0 left on base; Nantucket 3 - Nashua 2 |
BOTTOM OF THE 5TH |
Nashua Redlegs batting - Pitching for Nantucket Orcas : RHP Terry Leroux
|
Batting: RHB John Newman
|
0-0: Ball 1-0: Ground out 3-1 (Groundball, 34)
|
Batting: RHB Ben Byrd
|
0-0: Ball 1-0: Foul Ball, location: 2F 1-1: Called Strike 1-2: Ball 2-2: Fly out, F8 (Flyball, 8LXD)
|
Batting: RHB José Luján
|
0-0: Ball 1-0: Foul Ball, location: 2F 1-1: Swinging Strike 1-2: Ball 2-2: Ball 3-2: SINGLE (Groundball, 4MD)
|
Pitching: RHP Jason Willis
|
|
Batting: RHB Ánibal Barrios
|
0-0: Ball 1-0: Foul Ball, location: 2F 1-1: Swinging Strike 1-2: Foul Ball, location: 2F 1-2: Foul Ball, location: 2F 1-2: Strikes out swinging
|
Bottom of the 5th over - 0 runs, 1 hit, 0 errors, 1 left on base; Nantucket 3 - Nashua 2 |
TOP OF THE 6TH |
Nantucket Orcas batting - Pitching for Nashua Redlegs : RHP Bill Murphy
|
Batting: RHB Matt Dundee
|
0-0: Swinging Strike 0-1: Ball 1-1: Ball 2-1: Called Strike 2-2: Ball 3-2: Base on Balls
|
Batting: RHB Luis Cruz
|
0-0: Ball 1-0: Called Strike 1-1: Foul Ball, location: 2F 1-2: Grounds into double play, 5-4-3 (Groundball, 56)
|
Batting: RHB Armando Hernández
|
0-0: Ground out 6-3 (Groundball, 6)
|
Top of the 6th over - 0 runs, 0 hits, 0 errors, 0 left on base; Nantucket 3 - Nashua 2 |
BOTTOM OF THE 6TH |
Nashua Redlegs batting - Pitching for Nantucket Orcas : RHP Jason Willis
|
Batting: RHB Joe Noble
|
0-0: Ball 1-0: Ball 2-0: Foul Ball, location: 2F 2-1: Reached on error, E5 (Groundball, 5)
|
Batting: RHB Eleuterio Supardo
|
0-0: Called Strike 0-1: Foul Ball, location: 2F 0-2: Fly out, F7 (Flyball, 7) Lined into DP, 7-3 (Flyball, 7)
|
Batting: RHB Bob Fitzgerald
|
0-0: Called Strike 0-1: DOUBLE (Line Drive, 7LM)
|
Batting: RHB Currito Campos
|
0-0: Ball 1-0: Ground out 5-3 (Groundball, 56S)
|
Bottom of the 6th over - 0 runs, 1 hit, 1 error, 1 left on base; Nantucket 3 - Nashua 2 |
TOP OF THE 7TH |
Nantucket Orcas batting - Pitching for Nashua Redlegs : RHP Bill Murphy
|
Batting: RHB Hunter Hudson
|
0-0: Ball 1-0: Called Strike 1-1: Ground out 1-3 (Groundball, 15S)
|
Batting: SHB Armondo Goro
|
0-0: Ball 1-0: Ground out 6-3 (Groundball, 6M)
|
Batting: RHB Juan Gómez
|
0-0: Called Strike 0-1: Called Strike 0-2: Ball 1-2: Foul Ball, location: 2F 1-2: Ball 2-2: Foul Ball, location: 2F 2-2: Fly out, F7 (Flyball, 78M)
|
Top of the 7th over - 0 runs, 0 hits, 0 errors, 0 left on base; Nantucket 3 - Nashua 2 |
BOTTOM OF THE 7TH |
Nashua Redlegs batting - Pitching for Nantucket Orcas : RHP Jason Willis
|
Batting: RHB Carlos Villagrama
|
0-0: Swinging Strike 0-1: Foul Ball, location: 2F 0-2: Ball 1-2: Strikes out swinging
|
Batting: RHB John Newman
|
0-0: Ball 1-0: Ball 2-0: Ground out 1-3 (Groundball, 15S)
|
Batting: RHB Ben Byrd
|
0-0: Foul Ball, location: 2F 0-1: Foul Ball, location: 2F 0-2: Strikes out swinging
|
Bottom of the 7th over - 0 runs, 0 hits, 0 errors, 0 left on base; Nantucket 3 - Nashua 2 |
TOP OF THE 8TH |
Nantucket Orcas batting - Pitching for Nashua Redlegs : RHP Bill Murphy
|
Batting: RHB Charlie Pérez
|
0-0: Swinging Strike 0-1: Swinging Strike 0-2: Ball 1-2: Strikes out swinging
|
Batting: RHB Demetrio Inrouville
|
0-0: Ball 1-0: Called Strike 1-1: Foul Ball, location: 2F 1-2: Fly out, F9 (Line Drive, 89M)
|
Batting: SHB Cristián Salazar
|
0-0: Ground out 4-3 (Groundball, 4)
|
Top of the 8th over - 0 runs, 0 hits, 0 errors, 0 left on base; Nantucket 3 - Nashua 2 |
BOTTOM OF THE 8TH |
Nashua Redlegs batting - Pitching for Nantucket Orcas : RHP Jason Willis
|
Batting: RHB José Luján
|
0-0: Called Strike 0-1: Ball 1-1: Ball 2-1: Swinging Strike 2-2: Strikes out swinging
|
Batting: RHB Ánibal Barrios
|
0-0: Called Strike 0-1: Ball 1-1: Fly out, F7 (Flyball, 78M)
|
Batting: RHB Joe Noble
|
0-0: Ball 1-0: Ball 2-0: Foul Ball, location: 2F 2-1: Ground out 5-3 (Groundball, 56)
|
Bottom of the 8th over - 0 runs, 0 hits, 0 errors, 0 left on base; Nantucket 3 - Nashua 2 |
TOP OF THE 9TH |
Nantucket Orcas batting - Pitching for Nashua Redlegs : RHP Bill Murphy
|
Pitching: LHP John Rich
|
|
Batting: RHB Matt Dundee
|
0-0: Ball 1-0: SINGLE (Groundball, 4MD)
|
Batting: RHB Luis Cruz
|
0-0: Ball 1-0: Ball 2-0: Swinging Strike 2-1: Foul Ball, location: 2F 2-2: Foul Ball, location: 2F 2-2: Ball 3-2: Foul Ball, location: 2F 3-2: Strikes out swinging
|
Batting: RHB Armando Hernández
|
0-0: Ball 1-0: Ball 2-0: Swinging Strike 2-1: Called Strike 2-2: Fly out, F5 (Line Drive, 5)
|
Batting: RHB Hunter Hudson
|
0-0: Foul Ball, location: 2F 0-1: Swinging Strike 0-2: Hit by Pitch Matt Dundee to second
|
Pinch Hitting: LHB Steve Blankenship
|
0-0: Ball 1-0: SINGLE (Popup, 34D) Matt Dundee to third Hunter Hudson to second Runner from 3rd tries for Home, throw and OUT!
|
Top of the 9th over - 0 runs, 2 hits, 0 errors, 2 left on base; Nantucket 3 - Nashua 2 |
BOTTOM OF THE 9TH |
Nashua Redlegs batting - Pitching for Nantucket Orcas : RHP Jason Willis
|
Now in LF: Orlando Hernández
|
|
Batting: RHB Eleuterio Supardo
|
0-0: Ball 1-0: Ball 2-0: Ball 3-0: Base on Balls
|
Batting: RHB Bob Fitzgerald
|
0-0: Ball 1-0: Called Strike 1-1: Foul Ball, location: 2F 1-2: Strikes out swinging
|
Batting: RHB Currito Campos
|
0-0: Called Strike 0-1: Foul Ball, location: 2F 0-2: Ball 1-2: Ball 2-2: Ball 3-2: SINGLE (Flyball, 9S) Eleuterio Supardo to second Runner from 2nd tries for 3rd, SAFE, no throw
|
Pitching: RHP Gerard Pérez
|
|
Pinch Hitting: LHB Alonso Carbajal
|
0-0: Ball 1-0: Ball 2-0: Called Strike 2-1: Swinging Strike 2-2: Ball 3-2: Strikes out swinging
|
Pinch Hitting: LHB Derrek Robinson
|
0-0: Ball 1-0: Foul Ball, location: 2F 1-1: Foul Ball, location: 2F 1-2: Strikes out looking
|
Bottom of the 9th over - 0 runs, 1 hit, 0 errors, 2 left on base; Nantucket 3 - Nashua 2 |
|